 Dungeon Crawl Stone Soup version 0.20-a0-970-gcd8f41e (webtiles) character file.

9643 Murumi the Unseen (level 11, -12/97 HPs)
             Began as a Naga Enchanter on Apr 8, 2017.
             Was a High Priest of Cheibriados.
             Mangled by a yak (16 damage)
             ... on level 9 of the Dungeon.
             The game lasted 01:05:48 (12794 turns).

Murumi the Unseen (Naga Enchanter)                 Turns: 12794, Time: 01:05:49

Health: -12/97     AC:  9    Str: 26    XL:     11   Next: 49%
Magic:  17/17      EV: 12    Int: 28    God:    Cheibriados [*****.]
Gold:   561        SH:  0    Dex: 28    Spells: 15/18 levels left

rFire    . . .     SeeInvis +   h - +2 dagger (venom)
rCold    + . .     Gourm    .   (no shield)
rNeg     . . .     Faith    .   A - +2 robe {rC+}
rPois    +         Spirit   .   (helmet restricted)
rElec    .         Reflect  .   z - +0 cloak
rCorr    .         Harm     .   u - +1 pair of gloves {archery}
MR       ++...     Clarity  +   (no barding)
Stlth    ++++......             (no amulet)
Regen    0.3/turn               i - ring of stealth
MPRegen  0.2/turn               n - ring of protection from magic

@: confused, very slow
A: horns 1, see invisible, clarity, deformed body, poison resistance, slowness
2, slow metabolism 1, spit poison 1, strong 1, sturdy frame 1, AC +3
a: Spit Poison, Bend Time, Temporal Distortion, Slouch, Step From Time, Renounce
Religion


You were on level 9 of the Dungeon.
You worshipped Cheibriados.
Cheibriados was extremely pleased with you.
You were not hungry.

You visited 2 branches of the dungeon, and saw 10 of its levels.

You collected 603 gold pieces.
You spent 42 gold pieces at shops.

Inventory:

Hand Weapons
 h - a +2 dagger of venom (weapon)
Armour
 u - a +1 pair of gloves of archery (worn)
 v - a +0 helmet
 z - a +0 cloak (worn)
 A - a +2 robe of cold resistance (worn)
Jewellery
 i - a ring of stealth (left hand)
 n - a ring of protection from magic (right hand)
Wands
 g - a wand of acid (10/15)
 m - a wand of lightning (9/15)
 t - a wand of flame (13/48)
 B - a wand of lightning (4/15)
Scrolls
 a - 6 scrolls of remove curse
 b - a scroll of magic mapping
 o - a scroll of blinking
 p - 4 scrolls of fear
 r - 2 scrolls of summoning
 w - 3 scrolls of amnesia
 x - 3 scrolls of enchant armour
 y - a scroll of identify
Potions
 e - 2 potions of magic
 k - 4 potions of curing
 l - 2 potions of might
 D - a potion of flight
Books
 c - a book of Maledictions

   Spells                             Type                      Level
   a - Corona                         Hexes                        1
   b - Ensorcelled Hibernation        Hexes/Ice                    2
   c - Confuse                        Hexes                        3
   d - Tukima's Dance                 Hexes                        3
   e - Dazzling Spray                 Conjuration/Hexes            3
Comestibles
 d - 5 bread rations
 f - 4 meat rations
 j - 33 fruits
 s - 3 royal jellies


   Skills:
 - Level 6.0 Fighting
 - Level 5.0 Short Blades
 - Level 3.0 Dodging
 - Level 16.3 Stealth
 - Level 4.0 Spellcasting
 + Level 6.6 Hexes
 - Level 7.1 Invocations
 - Level 5.0 Evocations


You had 15 spell levels left.
You knew the following spells:

 Your Spells              Type           Power        Failure   Level  Hunger
a - Corona                Hex            #####..      1%          1    None
b - Ensorcelled Hibernat  Hex/Ice        ###...       3%          2    None


Dungeon Overview and Level Annotations

Branches:
Dungeon (9/15)             Temple (1/1) D:4
   Lair: D:8-11         Orc: D:9-12

Altars:
Ashenzari
Cheibriados
Dithmenos
Elyvilon
Fedhas
Gozag
Hepliaklqana
Kikubaaqudgha
Makhleb
Nemelex Xobeh
Okawaru
Qazlal
Ru
Sif Muna
Trog
Uskayaw
Vehumet
Wu Jian
Xom
Yredelemnul
Zin
The Shining One

Shops:
D:4 ?


Innate Abilities, Weirdness & Mutations

You cannot wear boots.
Your serpentine skin is tough. (AC +3)
You have supernaturally acute eyesight. (SInv)
Armour fits poorly on your strangely shaped body.
Your system is resistant to poisons. (rPois)
You cover ground very slowly.
You have a slow metabolism.
You can spit poison.
You have a pair of small horns on your head.
You possess an exceptional clarity of mind.
Your muscles are strong. (Str +2)
Your movements are slightly less encumbered by armour. (ER -2)


Message History

The flow of time bends around you.
The yak resists with some effort.
Cheibriados rebukes the yak.
The yak seems to slow down.
Cheibriados rebukes the yak.
The yak seems to slow down.
You feel slightly more hungry. The yak gores you!
* * * LOW HITPOINT WARNING * * *
You hit the yak but do no damage.
The yak is poisoned.
You headbutt the yak, but do no damage.
The yak is severely wounded.
The yak closely misses you. x2; The yak gores you.
* * * LOW HITPOINT WARNING * * *
You are confused.
You feel invigorated. The yak misses you. The yak gores you but does no damage.
The yak gores you.
* * * LOW HITPOINT WARNING * * *
You bump into the rock wall.
The yak closely misses you.
You bump into the rock wall.
The yak gores you!
* * * LOW HITPOINT WARNING * * *
The yak gores you!
You die...

# #).....# #........# #.#
#
##.....#+##.....#..#####.#
#
#............P..........#
#
##.........P.P##..#######
# #............)....# #
##..........#####.# #
###.....Y### #.# #
####.#Y# #.# # #YY@# #.#
######## #.#Y# #.#
.......# #.#.# #.#
######.#######.#.#######.#
#....................#
#..........###########
#...######## ######.##
.......#


You could see 5 yaks.

Vanquished Creatures
  2 two-headed ogres (D:9)
  Pikel (D:6)
  The ghost of Murumi the Unseen, a novice NaAs (D:4)
  2 trolls (D:9)
  A hippogriff (D:7)
  14 yaks (D:9)
  Eustachio (D:4)
  A swamp worm (D:9)
  A water moccasin (D:6)
  3 porcupines (D:9)
  An orc warrior (D:9)
  2 ice beasts
  2 sky beasts (D:6)
  7 ogres
  3 phantoms
  A necrophage (D:8)
  A crocodile (D:7)
  2 big kobolds (D:8)
  Blork the orc (D:4)
  5 bullfrogs
  A gnoll sergeant (D:7)
  A water moccasin skeleton (D:6)
  5 scorpions
  5 killer bees (D:7)
  2 crimson imps
  A bullfrog zombie (D:5)
  A centaur skeleton (D:6)
  5 jellies
  7 orc priests
  3 hounds
  12 orc wizards
  4 bullfrog skeletons
  4 iguanas
  Ijyb (D:4)
  4 worker ants
  A hound zombie (D:6)
  A hound skeleton (D:8)
  A howler monkey skeleton (D:4)
  2 howler monkey zombies
  3 worker ant zombies
  5 gnolls (D:7)
  8 river rats (D:5)
  12 adders
  A shadow imp (D:6)
  An ooze (D:7)
  An adder zombie (D:9)
  3 dart slugs
  17 worms
  7 leopard geckos
  26 orcs
  A ball python (D:3)
  12 bats
  5 giant cockroaches
  4 goblins
  6 hobgoblins
  15 jackals
  8 quokkas
  2 ball python skeletons (D:5)
  4 frilled lizards
  A jackal zombie (D:6)
  12 kobolds
  A leopard gecko zombie (D:7)
  A quokka skeleton (D:4)
  20 rats
  A butterfly (D:7)
  A plant (D:9)
291 creatures vanquished.

Vanquished Creatures (others)
  A slave (D:6)
  A howler monkey (D:4)
  An adder skeleton (D:6)
  18 fungi (D:9)
  22 plants (D:9)
43 creatures vanquished.

Grand Total: 334 creatures vanquished

Notes
Turn   | Place    | Note
-------+----------+-------------------------------------------
     0 | D:1      | Murumi the Naga Enchanter began the quest for the Orb.
     0 | D:1      | Reached XP level 1. HP: 15/15 MP: 3/3
   263 | D:1      | Reached skill level 5 in Stealth
   414 | D:1      | Reached XP level 2. HP: 16/24 MP: 3/5
   523 | D:1      | Reached skill level 1 in Fighting
   987 | D:2      | Reached skill level 6 in Stealth
   987 | D:2      | Reached XP level 3. HP: 15/31 MP: 2/6
  1709 | D:2      | Reached XP level 4. HP: 38/38 MP: 7/7
  1742 | D:2      | Reached skill level 7 in Stealth
  2700 | D:3      | Reached skill level 8 in Stealth
  2961 | D:3      | Found a faded altar of an unknown god.
  3016 | D:3      | Reached XP level 5. HP: 34/44 MP: 4/8
  3193 | D:3      | Reached skill level 9 in Stealth
  3445 | D:3      | Reached XP level 6. HP: 42/52 MP: 7/9
  4111 | D:4      | Noticed Eustachio
  4114 | D:4      | Killed Eustachio
  4118 | D:4      | Reached XP level 7. HP: 60/60 MP: 10/10
  4280 | D:4      | Found Veih's Magic Scroll Emporium.
  4282 | D:4      | Noticed Blork the orc
  4292 | D:4      | Killed Blork the orc
  4292 | D:4      | Reached skill level 10 in Stealth
  4306 | D:4      | Noticed Murumi's ghost (novice NaAs)
  4333 | D:4      | Killed Murumi's ghost
  4333 | D:4      | Reached skill level 12 in Stealth
  4333 | D:4      | Reached XP level 8. HP: 67/67 MP: 11/11
  4419 | D:4      | Bought a scroll of magic mapping for 42 gold pieces
  4442 | D:4      | Found a radiant altar of Vehumet.
  4725 | D:4      | Noticed Ijyb
  4744 | D:4      | Killed Ijyb
  4750 | D:4      | Found a staircase to the Ecumenical Temple.
  4759 | Temple   | Entered the Ecumenical Temple
  4777 | Temple   | Became a worshipper of Cheibriados the Contemplative
  5132 | D:5      | Entered Level 5 of the Dungeon
  5369 | D:5      | Reached skill level 1 in Invocations
  5451 | D:5      | Reached * piety under Cheibriados
  5498 | D:5      | Reached skill level 1 in Evocations
  5855 | D:5      | Reached ** piety under Cheibriados
  6692 | D:4      | Reached XP level 9. HP: 12/75 MP: 8/12
  7436 | D:6      | Noticed Pikel
  7459 | D:6      | Killed Pikel
  7459 | D:6      | Reached skill level 5 in Fighting
  8025 | D:6      | Reached *** piety under Cheibriados
  8047 | D:6      | Gained mutation: You possess an exceptional clarity of mind. [mutagenic meat]
  8048 | D:6      | Gained mutation: You are weak. (Str -2) [mutagenic meat]
  8049 | D:6      | Gained mutation: You have a pair of small horns on your head. [mutagenic meat]
  8050 | D:6      | Gained mutation: You can translocate small distances at will. [mutagenic meat]
  8051 | D:6      | Gained mutation: You are agile. (Dex +2) [mutagenic meat]
  8052 | D:6      | Gained mutation: Your tail ends in a poisonous barb. [mutagenic meat]
  8198 | D:6      | Reached skill level 13 in Stealth
  8766 | D:7      | Found a hazy altar of Hepliaklqana.
  8977 | D:7      | Reached skill level 14 in Stealth
  8980 | D:7      | Learned a level 1 spell: Confusing Touch
  9178 | D:7      | Reached XP level 10. HP: 91/91 MP: 14/14
  9819 | D:7      | Reached **** piety under Cheibriados
  9819 | D:7      | Reached skill level 5 in Evocations
 10345 | D:8      | Reached skill level 5 in Invocations
 10847 | D:8      | Found a burning altar of Makhleb.
 11192 | D:9      | Reached skill level 15 in Stealth
 11197 | D:9      | Learned a level 2 spell: Ensorcelled Hibernation
 11276 | D:9      | Reached ***** piety under Cheibriados
 11562 | D:9      | Noticed a two-headed ogre
 11570 | D:9      | Killed a two-headed ogre
 11570 | D:9      | Reached skill level 16 in Stealth
 11570 | D:9      | Reached XP level 11. HP: 97/97 MP: 17/17
 11690 | D:9      | Reached skill level 5 in Short Blades
 11929 | D:9      | Noticed a two-headed ogre
 12039 | D:9      | Lost mutation: You are weak. (Str -2) [potion of mutation]
 12039 | D:9      | Lost mutation: You are agile. (Dex +2) [potion of mutation]
 12039 | D:9      | Lost mutation: You possess an exceptional clarity of mind. [potion of mutation]
 12039 | D:9      | Lost mutation: Your tail ends in a poisonous barb. [potion of mutation]
 12039 | D:9      | Lost mutation: You can translocate small distances at will. [potion of mutation]
 12039 | D:9      | Gained mutation: You possess an exceptional clarity of mind. [potion of mutation]
 12039 | D:9      | Gained mutation: Your movements are slightly less encumbered by armour. (ER -2) [potion of mutation]
 12039 | D:9      | Gained mutation: Your muscles are strong. (Str +2) [potion of mutation]
 12084 | D:9      | Killed a two-headed ogre
 12084 | D:9      | Reached skill level 5 in Hexes
 12792 | D:9      | HP: 2/97 [yak (6)]
 12794 | D:9      | Mangled by a yak

Vault maps used:
D:1:      eino_arrival_druids_welcome, minmay_strange_pillars
D:2:      minmay_tall_x
D:3:      kb_forest_paths, chequers_ecumenical_altar_twisty
D:4:      fiery_altar_vehumet, minmay_temple_entry_butterflies, serial_shops,
          shop, first_bread, uniq_iyjb, uniq_blork_the_orc, uniq_eustachio
D:5:      lemuel_ratsnest, grunt_decor_arrowhead, minivault_4
D:6:      minmay_diamond_boxcup, hangedman_decor_peaks_small, uniq_pikel
D:7:      basic_altar
D:8:      basic_altar, blue_anna_alchemist
D:9:      grunt_lair_entry_orc_guard_hut, worms_lemuel
Temple:   nicolae_temple_the_god_donut

Skill      XL: |  1  2  3  4  5  6  7  8  9 10 11 |
---------------+----------------------------------+-----
Stealth        | 5 6 8 9 12 14 16 | 16.3
Fighting       | 1 2 3 6 |  6.0
Short Blades   | 4 5 |  5.0
Dodging        | 3 |  3.0
Invocations    | 4 7 |  7.1
Evocations     | 3 5 |  5.0
Spellcasting   | 3 4 |  4.0
Hexes          | 4 6 |  6.6

Action                   |  1- 3 |  4- 6 |  7- 9 | 10-12 || total
-------------------------+-------+-------+-------+-------++-------
Melee: Dagger            |    90 |   124 |   452 |   303 ||   969
       Headbutt          |       |       |     6 |   109 ||   115
       Tailslap          |       |       |     5 |    54 ||    59
 Cast: Corona            |    13 |    12 |    16 |    15 ||    56
       Ensorcelled Hiber |       |       |       |    12 ||    12
       Confusing Touch   |       |       |       |     1 ||     1
Invok: Bend Time         |       |       |     1 |     3 ||     4
 Abil: Spit Poison       |    12 |    10 |    29 |    14 ||    65
  Use: Scroll            |     6 |     7 |     7 |     5 ||    25
       Potion            |       |       |     5 |     4 ||     9
 Stab: Sleeping          |     7 |    14 |    22 |    37 ||    80
       Distracted        |       |     2 |     3 |     4 ||     9
  Eat: Chunk             |     2 |     8 |    18 |     8 ||    36
Armor: Robe              |    19 |    28 |   148 |    69 ||   264
       Skin              |       |       |    37 |     5 ||    42
Dodge: Dodged            |    61 |    65 |   233 |   145 ||   504
